 Dungeon Crawl Stone Soup version 0.28-a0-1365-g7e0445c96d (webtiles) character file.

Game seed: 17703647085155539310

3025 ChaosChampion the Thaumaturge (level 9, -2/47 HPs)
             Began as a Deep Elf Conjurer on Dec 31, 2021.
             Was a Follower of Vehumet.
             Succumbed to a kobold brigand's curare-tipped dart
             ... on level 7 of the Dungeon.
             The game lasted 00:15:23 (8115 turns).

ChaosChampion the Thaumaturge (Deep Elf Conjurer)   Turns: 8115, Time: 00:15:23

Health: -2/47      AC:  3    Str:  4    XL:     9   Next: 55%
Magic:  7/24       EV: 13    Int: 28    God:    Vehumet [*.....]
Gold:   286        SH:  0    Dex: 13    Spells: 14/27 levels left

rFire   . . .      SeeInvis .   (no weapon)
rCold   . . .      Faith    .   j - orb {*channel}
rNeg    + . .      Spirit   .   a - +0 robe
rPois   .          Reflect  .   (no helmet)
rElec   .          Harm     .   x - +0 cloak
rCorr   .          Rampage  .   (no gloves)
Will    .....                   (no boots)
Stlth   ++........              o - amulet of the acrobat
HPRegen 0.15/turn               b - ring of positive energy
MPRegen 0.19/turn               (no ring)

@: lethally poisoned (-2 -> -16), hasted and slowed
A: no striking features
a: Renounce Religion


You were on level 7 of the Dungeon.
You worshipped Vehumet.
Vehumet was aware of your devotion.
You visited 1 branch of the dungeon, and saw 7 of its levels.

You collected 286 gold pieces.

Inventory:

Hand Weapons
 t - the +10 trident of Zoaptoeh {vamp, Will- Int+2 Dex+4 SInv}
   (You found it on level 5 of the Dungeon)

   It occasionally heals its wielder for a portion of the damage dealt when it
   wounds a living foe.
   Int:       It affects your intelligence (+2).
   Dex:       It affects your dexterity (+4).
   SInv:      It lets you see invisible.
   Will:      It decreases your willpower.
Missiles
 v - a throwing net
Armour
 a - a +0 robe (worn)
 c - an orb of light
 j - an orb of energy (worn)
 s - an orb of mayhem
 x - a +0 cloak (worn)
Jewellery
 b - a ring of positive energy (left hand)
 o - an amulet of the acrobat (around neck)
 w - a ring of magical power
Wands
 z - a wand of polymorph (10)
Scrolls
 h - 2 scrolls of silence {unknown}
 l - 5 scrolls of identify
 q - a scroll of magic mapping {unknown}
 r - a scroll of enchant weapon
 u - a scroll of holy word {unknown}
 y - 3 scrolls of torment {unknown}
Potions
 d - 3 potions of attraction
 f - a potion of might
 i - 2 potions of brilliance
 k - a potion of lignification {unknown}
 m - a potion of haste
 n - a potion of degeneration {unknown}
 p - a potion of curing {unknown}
 A - a potion of flight {unknown}


   Skills:
 + Level 1.5 Fighting
 + Level 3.6 Dodging
 - Level 2.4 Stealth
 - Level 9.6 Spellcasting
 - Level 9.0 Conjurations
 - Level 6.0 Hexes
 - Level 3.0 Translocations
 + Level 6.5 Evocations


You had 14 spell levels left.
You knew the following spells:

 Your Spells              Type           Power      Damage    Failure   Level
a - Magic Dart            Conj           100%       1d8       1%          1
b - Searing Ray           Conj           100%       2d8       1%          2
c - Fulminant Prism       Conj/Hex       26%        3d14      1%          4
d - Iskenderun's Mystic   Conj/Tloc      47%        2d10      3%          4
z - Blink                 Tloc           60%        N/A       1%          2

Your spell library contained the following spells:

 Spells                   Type           Power      Damage    Failure   Level
 Foxfire                  Conj/Fire      100%       2x1d9     1%          1
 Apportation              Tloc           60%        N/A       1%          1
 Conjure Flame            Conj/Fire      38%        6-21      1%          3
 Dazzling Flash           Conj/Hex       100%       N/A       1%          3
 Lesser Beckoning         Tloc           30%        N/A       3%          3
 Animate Skeleton         Necr           26%        N/A       4%          1
 Summon Small Mammal      Summ           52%        N/A       4%          1
 Sublimation of Blood     Necr           13%        N/A       6%          2
 Wereblood                Tmut           13%        N/A       6%          2
 Sticky Flame             Conj/Fire      38%        2d6       6%          4
 Ignite Poison            Fire/Tmut/Pois 13%        N/A       13%         3
 Manifold Assault         Tloc           30%        N/A       34%         5
 Summon Hydra             Summ           6%         N/A       100%        7


Dungeon Overview and Level Annotations

Branches:
Dungeon (7/15)             Temple (0/1) D:7

Altars:
Cheibriados
Elyvilon
Kikubaaqudgha
Makhleb
Okawaru
Qazlal
Trog
Vehumet
Zin

Shops:
D:3 =


Message History

The curare-tipped dart barely misses you.
The searing ray hits the kobold brigand.
The kobold brigand is moderately wounded.
The kobold brigand throws a curare-tipped dart.
The curare-tipped dart hits you.
You are poisoned.
You have difficulty breathing.
You feel yourself slow down.
The searing ray hits the kobold brigand.
The kobold brigand is heavily wounded.
You finish channelling your searing ray.
You feel extremely sick.
The kobold brigand throws a curare-tipped dart.
The curare-tipped dart hits you.
You are lethally poisoned!
You have difficulty breathing.
You feel as though you will be slow longer.
Casting: Searing Ray (safe; 1% risk of failure)
Confirm with . or Enter, or press ? or * to list all spells.
You erupt in a blast of force!
The mystic blast hits the kobold brigand!
The kobold brigand is severely wounded.
The kobold brigand is knocked back by the mystic blast.
The kobold brigand slams into the rock wall!
The kobold brigand is almost dead.
* * * LOW HITPOINT WARNING * * *
You feel extremely sick.
The kobold brigand throws a curare-tipped dart.
The curare-tipped dart closely misses you.
Okay, then.
Casting: Iskenderun's Mystic Blast (dangerous; 3% risk of failure)
Confirm with . or Enter, or press ? or * to list all spells.
You erupt in a blast of force!
The mystic blast hits the kobold brigand!
You kill the kobold brigand!
Vehumet accepts your kill.
You feel your power returning.
* * * LOW HITPOINT WARNING * * *
You feel very sick.
It was a potion of haste.
You feel yourself speed up.
You die...

#########..# #.#
#.........# #.#
#.#######.# #.# #.#
#.###### #.#
#.#....# #.#
#.#.##.. #.#
##.#.####
#.########....#
#@..)......#..#
#)..##)..###...#####
#.#)#[.#.# ##)......
##... #..##.>######
### #.†....*..#
.H...#######.# ### #


There were no monsters in sight!

Vanquished Creatures
  Pikel (D:6)
  The ghost of UristMcRaven the Conjurer, a novice DECj (D:5)
  A hornet (D:5)
  A yak (D:5)
  A wyvern (D:5)
  2 sky beasts (D:5)
  3 black bears
  A lemure (D:6)
  2 necrophages
  2 kobold brigands
  A bullfrog (D:7)
  A scorpion (D:6)
  2 bullfrog zombies (D:5)
  4 orc priests
  A gnoll shaman (D:5)
  2 hounds (D:5)
  2 jellies
  A bullfrog skeleton (D:6)
  An iguana (D:7)
  A scorpion zombie (D:5)
  5 orc wizards
  A hound skeleton (D:5)
  A mummy (D:5)
  A howler monkey zombie (D:6)
  7 adders
  A shadow imp (D:6)
  A white imp (D:7)
  2 ufetubi
  An adder skeleton (D:4)
  4 worms
  2 dart slugs
  18 orcs
  5 endoplasms
  6 giant cockroaches
  11 hobgoblins
  5 jackals
  15 kobolds
  4 quokkas
  6 ball pythons
  8 bats
  3 frilled lizards
  5 goblins
  9 rats
152 creatures vanquished.

Vanquished Creatures (collateral kills)
  A yak (D:5)
1 creature vanquished.

Vanquished Creatures (others)
  A quokka (D:4)
  22 fulminant prisms
  2 fungi (D:5)
  9 plants
34 creatures vanquished.

Grand Total: 187 creatures vanquished

Notes
Turn   | Place    | Note
-------+----------+-------------------------------------------
     0 | D:1      | ChaosChampion the Deep Elf Conjurer began the quest for the
                  | Orb.
     0 | D:1      | Reached XP level 1. HP: 10/10 MP: 6/6
   371 | D:1      | Reached XP level 2. HP: 15/15 MP: 5/8
   588 | D:1      | Found a faded altar of an unknown god.
   998 | D:2      | Learned a level 2 spell: Searing Ray
  1033 | D:2      | Learned a level 2 spell: Blink
  1083 | D:2      | Reached skill level 5 in Conjurations
  1083 | D:2      | Reached XP level 3. HP: 19/19 MP: 6/10
  1209 | D:2      | Reached XP level 4. HP: 20/24 MP: 8/12
  1263 | D:2      | Reached skill level 5 in Spellcasting
  1823 | D:3      | Found Buifuysola's Jewellery Boutique.
  2218 | D:3      | Found an ancient bone altar of Kikubaaqudgha.
  2262 | D:3      | Reached XP level 5. HP: 16/28 MP: 9/14
  2895 | D:4      | Learned a level 4 spell: Fulminant Prism
  2900 | D:4      | Learned a level 4 spell: Iskenderun's Mystic Blast
  3165 | D:4      | Found a burning altar of Makhleb.
  3284 | D:4      | Found a white marble altar of Elyvilon.
  3415 | D:4      | Found a stormy altar of Qazlal.
  3450 | D:4      | Noticed a black bear
  3454 | D:4      | Killed a black bear
  3455 | D:4      | Reached skill level 1 in Hexes
  3455 | D:4      | Reached skill level 1 in Translocations
  3455 | D:4      | Reached skill level 1 in Evocations
  3455 | D:4      | Reached XP level 6. HP: 32/32 MP: 9/17
  3841 | D:5      | Entered Level 5 of the Dungeon
  3983 | D:5      | Found a glowing silver altar of Zin.
  3989 | D:5      | Noticed a yak
  3992 | D:5      | Noticed a yak
  3994 | D:5      | Noticed a yak
  3998 | D:5      | Killed a yak
  3999 | D:5      | Reached XP level 7. HP: 36/36 MP: 8/18
  4003 | D:5      | Noticed a yak
  4116 | D:5      | Found an iron altar of Okawaru.
  4217 | D:5      | Killed a yak
  4219 | D:5      | Noticed a hornet
  4569 | D:5      | Found a runed translucent gate.
  4569 | D:5      | Found a runed translucent gate.
  4569 | D:5      | Found a runed translucent gate.
  4592 | D:5      | Identified the +10 trident of Zoaptoeh {vamp, Will- Int+2
                  | Dex+4 SInv}
  4600 | D:5      | Noticed UristMcRaven's ghost (novice DECj)
  4791 | D:5      | Identified the ring "Ypou" {rPois Will+ rCorr Stlth+}
  4871 | D:5      | Reached XP level 8. HP: 13/41 MP: 0/21
  5114 | D:5      | Found a bloodstained altar of Trog.
  5221 | D:5      | Killed a hornet
  5344 | D:5      | Reached skill level 5 in Hexes
  5513 | D:5      | Found a radiant altar of Vehumet.
  5610 | D:5      | Found a snail-covered altar of Cheibriados.
  5688 | D:5      | Became a worshipper of Vehumet
  6042 | D:5      | Killed UristMcRaven's ghost
  6087 | D:5      | Reached skill level 5 in Evocations
  6452 | D:6      | Reached XP level 9. HP: 45/45 MP: 19/23
  6667 | D:6      | Reached * piety under Vehumet
  6667 | D:6      | Offered knowledge of Foxfire by Vehumet.
  6805 | D:6      | Noticed Pikel
  6814 | D:6      | Killed Pikel
  7572 | D:7      | Found a staircase to the Ecumenical Temple.
  7578 | D:7      | Reached skill level 1 in Fighting
  7626 | D:7      | Noticed a manticore
  8114 | D:7      | HP: 2/47 [poisoned by a kobold brigand (curare-tipped
                  | dart)]
  8115 | D:7      | Succumbed to a kobold brigand's curare-tipped dart

Illustrated notes

Levels and vault maps discovered:
D:1:      lightli_iron_boxes, layout_loops_ring,
          hellmonk_ecumenical_altar_inner_sanctum, st_stairs_2, minivault_11
D:2:      layout_rooms
D:3:      layout_loops_cross, lemuel_doored_altar, serial_shops, shop_coins
D:4:      layout_rooms, old_standard_altar, mainiacjoe_overflow_alcove_1,
          elyvilon_altar_4
D:5:      minmay_octagon_keep, layout_basic, slow_altar_2,
          mainiacjoe_overflow_alcove_4, trog_butcher_becter, kennysheep_mini,
          okawaru_trees_2, gammafunk_ghost_nasty_kobolds
D:6:      layout_basic, serial_bayou_pond_a, uniq_pikel
D:7:      layout_loops_ring, minmay_temple_entry_proselytizer,
          minmay_manual_monstrance

Skill      XL: |  1  2  3  4  5  6  7  8  9 |
---------------+----------------------------+-----
Spellcasting   | 4 5 6 7 8 9 |  9.6
Conjurations   | 5 6 7 8 9 |  9.0
Hexes          | 1 2 4 6 |  6.0
Translocations | 1 2 3 |  3.0
Evocations     | 1 2 3 5 6 |  6.5
Fighting       | 1 |  1.5
Dodging        | 3 |  3.6
Stealth        | |  2.4

Action                   |  1- 3 |  4- 6 |  7- 9 || total
-------------------------+-------+-------+-------++-------
 Cast: Magic Dart        |    42 |   101 |    64 ||   207
       Searing Ray       |     4 |    10 |    37 ||    51
       Fulminant Prism   |       |     2 |    20 ||    22
       Iskenderun's Myst |       |       |    11 ||    11
  Use: Scroll            |       |    11 |     2 ||    13
       Potion            |       |       |     2 ||     2
Armor: Robe              |     3 |     2 |     1 ||     6
Dodge: Dodged            |     4 |     4 |    29 ||    37

Table legend: (Time is in decaauts)
 A = Elapsed time spent in this place.
 B = Non-inter-level travel time spent in this place.
 C = Inter-level travel time spent in this place.
 D = Time resting spent in this place.
 E = Time spent auto-exploring this place.
 F = Levels seen in this place.
 G = Mean time per level.
                   A        B        C        D        E       F      G
               +--------+--------+--------+--------+--------+-----+--------+
         Total |   8121 |   7951 |    170 |    941 |   5853 |   7 | 1160.1 |
       Dungeon |   8121 |   7951 |    170 |    941 |   5853 |   7 | 1160.1 |
               +--------+--------+--------+--------+--------+-----+--------+

Top non-repeatable levels by time:
     D:5: 2022 daAuts
     D:6: 1456 daAuts
     D:4: 1339 daAuts
     D:3: 1067 daAuts
     D:1: 1006 daAuts
     D:2: 786 daAuts
     D:7: 441 daAuts
